 Dungeon Crawl Stone Soup version 0.30-a0-881-g1ff12e1e11 (webtiles) character file.

Game seed: 2934367166838664825

723 Pimp the Digger (level 8, -1/57 HPs)
             Began as a Formicid Earth Elementalist on Mar 14, 2023.
             Was an Initiate of Vehumet.
             Slain by a gnoll sergeant
             ... wielding a +3 trident of flaming
              (6 damage)
             ... on level 5 of the Dungeon.
             The game lasted 00:16:39 (4276 turns).

Pimp the Digger (Formicid Earth Elementalist)       Turns: 4276, Time: 00:16:41

Health: -1/57      AC:  7    Str: 14    XL:     8   Next: 2%
Magic:  11/13      EV: 13    Int: 22    God:    Vehumet [......]
Gold:   253        SH:  0    Dex: 14    Spells: 7/14 levels left

rFire   . . .      SeeInvis +    e - +6 double sword (holy)
rCold   . . .      Faith    .    (no shield)
rNeg    . . .      Spirit   .    f - +0 animal skin
rPois   .          Reflect  .    (helmet unavailable)
rElec   .          Rampage  .    (no cloak)
rCorr   .                        m - +1 pair of gloves {infuse}
Will    .....                    i - +2 pair of boots
Stlth   +++                      (no amulet)
HPRegen 0.29/turn                b - +6 ring of intelligence
MPRegen 0.13/turn                (no ring)

@: no status effects
A: permanent stasis, dig shafts and tunnels, antennae 3, four strong arms
a: Dig, Shaft Self, Renounce Religion


You were on level 5 of the Dungeon.
You worshipped Vehumet.
Vehumet was noncommittal.
You visited 2 branches of the dungeon, and saw 6 of its levels.

You collected 253 gold pieces.

Inventory:

Hand Weapons
 c - a +0 short sword
 e - a +6 double sword of holy wrath (weapon)
Missiles
 o - 6 curare-tipped darts
Armour
 a - a +0 robe
 f - a +0 animal skin (worn)
 i - a +2 pair of boots (worn)
 m - a +1 pair of gloves of infusion (worn)
Jewellery
 b - a +6 ring of intelligence (left hand)
Wands
 l - a wand of iceblast (6) (quivered)
 u - a wand of charming (15)
Scrolls
 d - a scroll of poison
 g - a scroll of identify {unknown}
 j - a scroll of noise {unknown}
 k - 2 scrolls of fear {unknown}
 n - a scroll of immolation {unknown}
 r - a scroll of vulnerability {unknown}
 t - a scroll of torment {unknown}
Potions
 h - 2 potions of curing {unknown}
 p - a potion of invisibility {unknown}
 q - 2 potions of flight {unknown}
 s - 2 potions of haste {unknown}


   Skills:
 + Level 2.6 Fighting
 - Level 1.9(2.4) Short Blades
 * Level 2.1(2.5) Long Blades
 + Level 2.5 Armour
 + Level 3.0 Dodging
 + Level 4.3 Stealth
 + Level 3.5 Spellcasting
 + Level 0.9 Conjurations
 + Level 3.0 Transmutations
 + Level 4.9 Earth Magic
 + Level 0.7 Poison Magic
 + Level 0.6 Evocations


You had 7 spell levels left.
You knew the following spells:

 Your Spells              Type           Power      Damage    Failure   Level
a - Sandblast             Erth           50%        2d12      1%          1
b - Stone Arrow           Conj/Erth      32%        3d9       11%         3
c - Mephitic Cloud        Conj/Pois/Air  6%         N/A       28%         3

Your spell library contained the following spells:

 Spells                   Type           Power      Damage    Failure   Level
 Passwall                 Tmut/Erth      17%        N/A       3%          2
 Magic Dart               Conj           28%        1d4       9%          1
 Call Imp                 Summ           3%         N/A       19%         2
 Petrify                  Tmut/Erth      21%        N/A       22%         4
 Tukima's Dance           Hex            3%         N/A       34%         3
 Passage of Golubria      Tloc           3%         N/A       75%         4
 Yara's Violent Unravell  Hex/Tmut       5%         3d4       87%         5


Dungeon Overview and Level Annotations

Branches:
Dungeon (5/15)             Temple (1/1) D:4

Altars:
Ashenzari
Dithmenos
Fedhas
Gozag
Hepliaklqana
Kikubaaqudgha
Makhleb
Okawaru
Qazlal
Ru
Sif Muna
Trog
Vehumet
Wu Jian
Xom
Zin
The Shining One

Annotations:
D:3 3 runed translucent doors, Pokonic1's ghost, amateur HuSu


Innate Abilities, Weirdness & Mutations

You cannot be hasted, slowed, berserked, paralysed or teleported.
You can dig through walls and to a lower floor.
You have a pair of large antennae on your head. (SInv)
Your four strong arms can wield two-handed weapons with a shield.


Message History

You slice the ufetubus!!
You kill the ufetubus!
Vehumet accepts your kill. The orc wizard barely misses you.
You see here a wand of charming (15).
You slash the orc wizard!
The orc wizard is almost dead.
The orc wizard casts a spell at you. The puff of flame misses you.
You slash the orc wizard!
You kill the orc wizard!
Vehumet accepts your kill.
You have reached level 8!
You feel clever.
u - a wand of charming (15)
Things that are here:
a +0 dagger; a +0 robe; an orc corpse A gnoll bouda comes into view.
It is wielding a +0 whip.
A gnoll sergeant comes into view. It is wielding a +3 trident of flaming.
An ogre comes into view. It is wielding a +0 giant club.
The ogre shouts!
The ogre hits you with a +0 giant club!!
The gnoll sergeant barely misses you.
There is an open door, spattered with blood here.
The gnoll sergeant blocks your attack.
The gnoll sergeant hits you with a +3 trident of flaming.
The gnoll sergeant burns you.
The gnoll bouda hits you with a +0 whip.
The ogre hits you with a +0 giant club.
The gnoll bouda barks out a call to the hunt!
The gnoll sergeant picks up the pace!
The gnoll sergeant barely misses you.
The gnoll bouda attacks as you move away!
The gnoll bouda hits you with a +0 whip.
* * * LOW HITPOINT WARNING * * *
The ogre attacks as you move away! The ogre barely misses you.
The gnoll sergeant hits you from afar with a +3 trident of flaming!
* * * LOW HITPOINT WARNING * * *
The gnoll sergeant burns you.
You die...

#################
#.......#..)....#
.#.#.#.#.#.#.#.#.#.###
........@............#
######g############.#
#..gO.# #.#....#
##...## #...#### ###.#
#.### { .# #.# ## #.#
#.# #.#


You could see a gnoll sergeant (swift) and a gnoll bouda.

Vanquished Creatures
  Sigmund (D:2)
  A black bear (D:3)
  2 scorpions (D:4)
  A howler monkey (D:4)
  2 jellies (D:4)
  A hound (D:4)
  Natasha (D:2)
  An orc wizard (D:5)
  Robin (D:2)
  7 adders
  4 ufetubi
  2 worms
  A dart slug (D:1)
  4 ball pythons
  6 endoplasms
  2 giant cockroaches
  19 goblins
  4 hobgoblins
  A quokka (D:4)
  4 bats
  4 frilled lizards
  11 kobolds
  A rat (D:3)
81 creatures vanquished.

Notes
Turn   | Place    | Note
-------+----------+-------------------------------------------
     0 | D:1      | Pimp the Formicid Earth Elementalist began the quest for
                  | the Orb.
     0 | D:1      | Reached XP level 1. HP: 13/13 MP: 3/3
   120 | D:1      | Reached XP level 2. HP: 17/19 MP: 1/5
   621 | D:2      | Reached XP level 3. HP: 25/25 MP: 3/6
  1083 | D:2      | Noticed Natasha
  1093 | D:2      | Killed Natasha
  1094 | D:2      | Reached skill level 1 in Short Blades
  1094 | D:2      | Reached XP level 4. HP: 26/31 MP: 1/7
  1225 | D:2      | Noticed Sigmund
  1259 | D:2      | Killed Sigmund
  1260 | D:2      | Reached skill level 1 in Fighting
  1260 | D:2      | Reached skill level 1 in Armour
  1260 | D:2      | Reached XP level 5. HP: 20/38 MP: 0/9
  1260 | D:2      | Reached XP level 6. HP: 23/44 MP: 0/10
  1346 | D:2      | Learned a level 3 spell: Stone Arrow
  1350 | D:2      | Learned a level 3 spell: Mephitic Cloud
  1367 | D:2      | Noticed Robin
  1377 | D:2      | Identified a scroll of acquirement
  1377 | D:2      | Acquired a +6 double sword of holy wrath
  1381 | D:2      | Killed Robin
  1894 | D:3      | Found a faded altar of an unknown god.
  2137 | D:3      | Found an iron altar of Okawaru.
  2151 | D:3      | Found an ornate altar of the Wu Jian Council.
  2325 | D:3      | Noticed a black bear
  2337 | D:3      | Killed a black bear
  2505 | D:3      | Found a runed translucent gate.
  2505 | D:3      | Found a runed translucent gate.
  2506 | D:3      | Found a runed translucent gate.
  2507 | D:3      | Noticed Pokonic1's ghost (amateur HuSu)
  2507 | D:3      | Identified the +5 spear "Killer Klown's Regret" {heavy, rF+
                  | Dex+2}
  2541 | D:3      | Found a stormy altar of Qazlal.
  2568 | D:3      | Found a glowing silver altar of Zin.
  3036 | D:4      | Reached XP level 7. HP: 41/50 MP: 5/11
  3159 | D:4      | Identified the +2 whip of Yxinus Wuit {venom, +Blink rCorr
                  | Str+4 Int-5}
  3174 | D:4      | Reached skill level 1 in Long Blades
  3715 | D:4      | Found a staircase to the Ecumenical Temple.
  4070 | Temple   | Entered the Ecumenical Temple
  4161 | Temple   | Became a worshipper of Vehumet
  4203 | D:5      | Entered Level 5 of the Dungeon
  4263 | D:5      | Reached XP level 8. HP: 57/57 MP: 9/13
  4276 | D:5      | Slain by a gnoll sergeant

Illustrated notes

Levels and vault maps discovered:
D:1:      giann_horns, layout_rooms
D:2:      layout_loops_cross, uniq_natasha, uniq_robin, uniq_sigmund
D:3:      layout_basic, nicolae_overflow_quartered_altars, serial_rivers,
          chequers_serial_rivers_small_b, chequers_serial_rivers_large_b,
          chequers_serial_rivers_marsh, chequers_serial_rivers_micro_e,
          chequers_serial_rivers_room_a, biasface_ghost_orc_armoury,
          shapermc_ecumenical_altar_mp_vishouse
D:4:      layout_basic, minmay_temple_entry_arrows, nicolae_eternal_life
D:5:      layout_loops_ring, hangedman_minor_gate_pass
Temple:   dshaligram_water_room_temple

Skill      XL: |  1  2  3  4  5  6  7 |
---------------+----------------------+-----
Dodging        | 2 3 |  3.0
Short Blades   | 1 |  1.9
Stealth        | 3 4 |  4.3
Earth Magic    | 4 |  4.9
Fighting       | 1 2 |  2.6
Armour         | 1 2 |  2.5
Spellcasting   | 3 |  3.5
Transmutations | 2 3 |  3.0
Long Blades    | 2 |  2.1
Conjurations   | |  0.9
Poison Magic   | |  0.7
Evocations     | |  0.6

Action                     |  1- 3 |  4- 6 |  7- 9 || total
---------------------------+-------+-------+-------++-------
  Melee: Short sword       |    56 |    34 |       ||    90
         Double sword      |       |    33 |    38 ||    71
   Cast: Sandblast         |    24 |     4 |       ||    28
         Stone Arrow       |       |     7 |     6 ||    13
         Mephitic Cloud    |       |     1 |       ||     1
  Evoke: Wand              |       |     2 |       ||     2
    Use: Potion            |     2 |     4 |       ||     6
         Scroll            |       |     3 |       ||     3
   Stab: Sleeping          |     2 |     5 |     4 ||    11
 Armour: Robe              |    18 |     6 |       ||    24
         Animal skin       |       |    12 |    16 ||    28
  Dodge: Dodged            |    45 |    42 |    28 ||   115

Table legend: (Time is in decaauts)
 A = Elapsed time spent in this place.
 B = Non-inter-level travel time spent in this place.
 C = Inter-level travel time spent in this place.
 D = Time resting spent in this place.
 E = Time spent auto-exploring this place.
 F = Levels seen in this place.
 G = Mean time per level.
                   A        B        C        D        E       F      G
               +--------+--------+--------+--------+--------+-----+--------+
         Total |   4342 |   4178 |    164 |    643 |   2680 |   6 |  723.7 |
       Dungeon |   4241 |   4098 |    143 |    643 |   2680 |   5 |  848.2 |
        Temple |    100 |     79 |     21 |      0 |      0 |   1 |  100.0 |
               +--------+--------+--------+--------+--------+-----+--------+

Top non-repeatable levels by time:
     D:3: 1429 daAuts
     D:4: 1133 daAuts
     D:2: 983 daAuts
     D:1: 620 daAuts
  Temple: 100 daAuts
     D:5: 74 daAuts
